AoeStats
← Juyhou

MegaRandom

507757079Analyzed
3v3 RM · 14d ago on Sep 19, 2026· 101m 14s· 6 players
Game mode
Random Map
Map size
Normal (6 player)
Population
200
Speed
Normal
Resources
Standard
Victory
Conquest
Starting age
Dark Age
Ending age
Imperial Age
RankedLock teamsTeams togetherTeam positionsShared explorationLock speedFull tech treeHidden civsTurbo modeCheats
Victory
Defeat
🇫🇮 Magyars · Finland
1938
+5
🇫🇮 Goths · Finland
1909
+6
🇫🇮 Tupi · Finland
1735
+13
🇳🇱 Chinese · Netherlands
1886
-15
🇺🇸 Vikings · United States
1626
-6
🇷🇴 Dravidians · Romania
1457
-3
Mihail
8:25 Feudal Age
8:30 Man-at-Arms
10:16 Loom
14:27 Fletching
19:51 Castle Age
17:59 Horse Collar
18:24 Double-Bit Axe
20:04 Long Swordsman
20:46 Squires
30:51 Wheelbarrow
30:10 Town Watch
31:13 Bow Saw
32:46 Scale Mail Armor
32:56 Forging
32:50 Gold Mining
33:27 Hand Cart
35:42 Chain Mail Armor
38:05 Heavy Plow
43:07 Imperial Age
41:50 Medium Warships
42:31 Iron Casting
43:05 Careening
42:57 Gambesons
42:59 Arson
43:10 Two-Handed Swordsman
45:07 Plate Mail Armor
45:37 Blast Furnace
44:09 Champion
44:15 Champion
46:34 Wootz Steel
47:30 Medium Warships
47:37 Town Patrol
53:07 Heavy Warships
53:04 Clinker Construction
53:15 Dry Dock
53:03 Siphons
57:58 Caravan
61:35 Fletching
63:08 Stone Mining
70:01 Demolition Ship
71:00 Heavy Demolition Ship
71:36 Heavy Demolition Ship
71:45 Heavy Demolition Ship
74:37 Bodkin Arrow
74:43 Padded Archer Armor
74:13 Elite Skirmisher
75:21 Bracer
76:22 Leather Archer Armor
77:11 Ballistics
77:52 Chemistry
79:19 Coinage
79:22 Siege Elephant
79:29 Elite Elephant Archer
80:41 Ring Archer Armor
80:12 Heated Shot
80:13 Guard Tower
80:08 Arrowslits
82:02 Banking
82:34 Thumb Ring
86:12 Elite Cannon Galleon
88:34 Keep
97:25 Masonry
98:16 Husbandry
100:57 Medical Corps
[LW] Faneth
0:25 Loom
7:44 Feudal Age
8:28 Double-Bit Axe
10:36 Town Watch
12:12 Fletching
12:52 Fishing Lines
18:22 Castle Age
16:26 Gold Mining
17:03 Padded Archer Armor
18:23 Crossbowman
18:59 Bodkin Arrow
19:49 Thumb Ring
20:00 Leather Archer Armor
20:02 Bow Saw
20:51 Ballistics
26:17 Gold Shaft Mining
34:04 Imperial Age
33:44 Wheelbarrow
34:14 Arbalester
35:03 Bracer
35:38 Horse Collar
36:49 Medium Warships
38:32 Chemistry
38:01 Heavy Warships
39:12 Ring Archer Armor
40:17 Heavy Warships
40:03 Squires
41:33 Scale Mail Armor
41:43 Forging
43:01 Chain Mail Armor
43:59 Iron Casting
44:54 Plate Mail Armor
46:39 Blast Furnace
46:20 Hand Cart
47:33 Elite Skirmisher
48:47 Heavy Warships
48:19 Elite Fire Lancer
52:50 Conscription
53:15 Pikeman
54:27 Halberdier
59:54 Heavy Plow
65:32 Scale Barding Armor
65:40 Masonry
65:43 Caravan
68:03 Chain Barding Armor
69:47 Two-Man Saw
69:03 Bloodlines
68:55 Husbandry
69:01 Light Cavalry
72:25 Plate Barding Armor
72:37 Capped Ram
78:46 Siege Ram
81:28 Heavy Rocket Cart
84:16 Arson
85:43 Architecture
85:00 Arrowslits
[RAT] Spencer
0:29 Loom
9:01 Feudal Age
10:49 Town Watch
14:40 Castle Age
13:06 Double-Bit Axe
14:41 Fletching
15:22 Bodkin Arrow
18:43 Horse Collar
24:40 Scale Mail Armor
25:03 Forging
25:26 Fishing Lines
29:51 Chain Mail Armor
30:11 Iron Casting
30:49 Squires
30:35 Arson
33:59 Imperial Age
32:59 Iron Casting
33:51 Chieftains
34:42 Elite Berserk
36:22 Plate Mail Armor
38:01 Blast Furnace
40:49 Conscription
41:26 Bracer
41:38 Capped Ram
42:23 Arson
44:08 Gambesons
43:44 Man-at-Arms
44:45 Long Swordsman
45:20 Two-Handed Swordsman
45:42 Siege Ram
46:13 Champion
47:57 Caravan
50:21 Bogsveigar
49:50 Heavy Scorpion
51:40 Padded Archer Armor
55:38 Ballistics
55:30 Masonry
55:26 Siege Engineers
56:22 Chemistry
58:47 Heavy Plow
60:07 Coinage
64:37 Architecture
64:39 Careening
64:39 Clinker Construction
66:29 Elite Longship
68:38 Carvel Hull
68:07 Pikeman
68:58 Gillnets
76:02 Dry Dock
81:40 Elite Cannon Galleon
85:22 Banking
Juyhou
0:30 Loom
10:00 Feudal Age
10:16 Feudal Age
14:05 Castle Age
12:38 Fishing Lines
14:45 Fletching
16:26 Bodkin Arrow
19:27 Double-Bit Axe
19:49 Town Watch
23:33 Bow Saw
27:06 Ballistics
30:25 Horse Collar
31:35 Wheelbarrow
33:48 Medium Warships
37:55 Imperial Age
36:52 Heavy Plow
37:09 Gold Mining
37:16 Stone Mining
38:49 Bracer
39:54 Chemistry
46:20 Forging
45:38 Elite Skirmisher
46:20 Padded Archer Armor
47:59 Conscription
48:16 Leather Archer Armor
48:05 Sappers
53:17 Hand Cart
53:18 Leather Archer Armor
56:58 Caravan
58:13 Gold Shaft Mining
61:11 Elite Blackwood Archer
62:37 Curare
63:34 Ring Archer Armor
67:13 Scale Mail Armor
67:49 Iron Casting
67:50 Clinker Construction
68:23 Squires
68:40 Chain Mail Armor
71:18 Two-Man Saw
70:54 Gold Shaft Mining
71:53 Plate Mail Armor
70:44 Elite Ibirapema Warrior
71:10 Arson
72:00 Careening
72:05 Capped Ram
73:15 Siege Ram
75:07 Heavy Warships
75:03 Dry Dock
Tomppa
0:28 Loom
9:59 Feudal Age
10:43 Double-Bit Axe
16:20 Castle Age
14:56 Gold Mining
18:33 Bow Saw
20:04 Horse Collar
21:30 Scale Mail Armor
23:26 Chain Mail Armor
24:02 Forging
25:08 Wheelbarrow
26:39 Hand Cart
26:11 Town Watch
30:47 Heavy Plow
34:49 Imperial Age
35:13 Iron Casting
35:22 Medium Warships
36:00 Conscription
37:01 Heavy Warships
37:10 Guilds
37:47 Clinker Construction
37:38 Caravan
38:49 Blast Furnace
38:57 Carvel Hull
41:07 Ballistics
41:47 Chemistry
40:38 Fletching
41:37 Shipwright
41:21 Bodkin Arrow
43:07 Chemistry
42:07 Murder Holes
42:19 Bracer
42:32 Demolition Ship
44:21 Chemistry
44:09 Perfusion
44:16 Man-at-Arms
44:58 Squires
44:59 Heavy Demolition Ship
45:08 Long Swordsman
47:01 Two-Man Saw
46:05 Murder Holes
46:20 Masonry
46:23 Careening
46:26 Masonry
46:12 Murder Holes
46:10 Heated Shot
46:17 Murder Holes
46:32 Masonry
46:33 Careening
45:56 Two-Handed Swordsman
46:43 Champion
54:19 Anarchy
53:50 Sappers
54:22 Padded Archer Armor
60:22 Leather Archer Armor
71:53 Ring Archer Armor
72:10 Scale Barding Armor
74:48 Pikeman
77:30 Crop Rotation
81:06 Architecture
80:45 Siphons
82:18 Elite Huskarl
89:02 Spies/Treason
TheMax
0:31 Loom
9:28 Feudal Age
12:25 Town Watch
19:22 Castle Age
18:24 Wheelbarrow
18:03 Scale Barding Armor
20:01 Double-Bit Axe
20:00 Fishing Lines
20:23 Caravan
21:14 Bow Saw
24:38 Gillnets
26:52 Chain Barding Armor
29:21 Medium Warships
32:53 Imperial Age
31:46 Bloodlines
31:37 Husbandry
33:20 Hand Cart
34:06 Conscription
33:06 Elite Magyar Huszar
34:23 Plate Barding Armor
34:12 Conscription
35:11 Clinker Construction
36:41 Two-Man Saw
36:23 Fletching
37:35 Chemistry
37:03 Shipwright
38:34 Heavy Warships
38:18 Bodkin Arrow
39:37 Chemistry
39:00 Ballistics
38:53 Masonry
38:26 Treadmill Crane
40:09 Masonry
40:46 Demolition Ship
42:03 Careening
42:35 Siege Engineers
43:41 Coinage
43:13 Bracer
43:14 Padded Archer Armor
44:45 Hoardings
44:40 Parthian Tactics
44:21 Thumb Ring
45:52 Heated Shot
46:23 Dry Dock
46:27 Leather Archer Armor
47:08 Banking
47:13 Guard Tower
46:53 Heavy Cavalry Archer
48:24 Ring Archer Armor
47:59 Recurve Bow
48:42 Onager
50:01 Town Patrol
51:23 Heavy Scorpion
53:00 Cavalier
54:11 Paladin
56:18 Capped Ram
Connection lost

Rejoining the realm…

Still unreachable

The connection could not be restored.

Session expired

The server has moved on; the page needs a fresh start.